 Dungeon Crawl Stone Soup version 0.13-a0-1577-g2bae144 (webtiles) character file.

203 Kae the Chiller (level 4, -3/33 HPs)
             Began as a Draconian Ice Elementalist on June 12, 2013.
             Slain by an orc wizard
             ... wielding a +1,+4 orcish dagger
              (6 damage)
             ... on Level 3 of the Dungeon.
             The game lasted 00:03:37 (1915 turns).

Kae the Chiller (Draconian Ice Elementalist)        Turns: 1915, Time: 00:03:37

HP  -3/33        AC  6     Str 10      XL: 4   Next: 42%
MP   3/8         EV 12     Int 17      God:
Gold 106         SH  0     Dex 11      Spells:  2 memorised,  4 levels left

Res.Fire  : . . .   See Invis. : .   (no weapon)
Res.Cold  : . . .   Warding    : .   (armour unavailable)
Life Prot.: . . .   Conserve   : .   (no shield)
Res.Poison: .       Res.Corr.  : .   (helmet restricted)
Res.Elec. : .       Clarity    : .   (no cloak)
Sust.Abil.: . .     Spirit.Shd : .   u - +0 pair of gloves
Res.Mut.  : .       Stasis     : .   (no boots)
Res.Rott. : .       Flight     : .   (no amulet)
Saprovore : . . .                    (no ring)
                                     (no ring)

@: slowed, very slow, slightly resistant to hostile enchantments, unstealthy
A: unfitting armour, AC +5
a: no special abilities


You were on level 3 of the Dungeon.
You were very hungry.

You visited 1 branch of the dungeon, and saw 3 of its levels.

You collected 86 gold pieces.

Inventory:

Armour
 u - a +0 pair of gloves (worn)
Comestibles
 c - 2 bread rations
 g - a pear
 i - a choko
 r - a meat ration
Scrolls
 d - 2 scrolls of identify {unknown}
 e - 2 scrolls of remove curse {unknown}
 f - a scroll of teleportation {unknown}
 j - a scroll of fog {unknown}
 m - a scroll of enchant weapon I {unknown}
 o - a scroll of amnesia {unknown}
 p - 2 scrolls of fear {unknown}
 q - a scroll of enchant armour {unknown}
 s - a scroll of curse jewellery {unknown}
Potions
 a - a potion of heal wounds {unknown}
 h - a potion of agility {unknown}
 k - a potion of slowing
 l - a potion of might {unknown}
 t - a potion of mutation {unknown}
Books
 b - a book of Frost

   Spells                             Type                      Level
   *Freeze                            Ice                          1
   *Throw Frost                       Conjuration/Ice              2
   Ozocubu's Armour                   Charms/Ice                   3
   Throw Icicle                       Conjuration/Ice              4
   Summon Ice Beast                   Ice/Summoning                4
   Condensation Shield                Ice                          4


   Skills:
 - Level 1.7 Dodging
 - Level 1.7 Stealth
 + Level 2.3 Spellcasting
 * Level 2.2 Conjurations
 * Level 4.0 Ice Magic


You had 4 spell levels left.
You knew the following spells:

 Your Spells              Type           Power        Failure   Level  Hunger
a - Freeze                Ice            ###.         3%          1    #......
b - Throw Frost           Conj/Ice       ##....       10%         2    ##.....


Dungeon Overview and Level Annotations

Branches:
Dungeon (3/27)

Altars:
Trog


Message History

The bat hits you but does no damage. The bat closely misses you.
The orc wizard closely misses you.
The orc falls through a shaft!
The shaft crumbles and collapses.
The orc wizard hits you with a runed orcish dagger.
* * * LOW HITPOINT WARNING * * *
The bat barely misses you.
The orc wizard casts a spell.
The orc wizard blinks!
The kobold barely misses you. The bat hits you but does no damage.
The bat barely misses you. The bat hits you but does no damage.
The bat hits you but does no damage.
The orc wizard mumbles some strange words.
The orc wizard blinks!
The orc barely misses you. The orc wizard misses you.
The bat closely misses you. The orc wizard casts a spell at you. You resist.
The kobold misses you. The bat misses you.
The orc hits you with an orcish flail.
* * * LOW HITPOINT WARNING * * *
The orc wizard hits you with a runed orcish dagger.
You die...

#.# ##........#.# #.#
#........##.# #.#
#........##.#
###.###....[#####.#
...........# #.#
...........# +.#
##r###.....# .##
#.###.....#####..#
#oo@.............# #
#.ob.............#
#.######gK.....#.#..##..#
...............#.#..# #
....................>..
.......................#
.......................#
......................#
...?.....$............#


You could see an orc wizard, 2 orcs, a goblin, a bat and a kobold.

Vanquished Creatures
  An orc priest (D:3)
  An adder (D:2)
  A giant mite (D:2)
  A worm (D:2)
  2 giant geckos (D:1)
  2 oozes (D:2)
  2 giant cockroaches
  5 hobgoblins (D:2)
  11 bats
  A giant newt (D:2)
  3 goblins
  7 kobolds
  2 rats
39 creatures vanquished.

Notes
Turn   | Place    | Note
--------------------------------------------------------------
     0 | D:1      | Kae, the Draconian Ice Elementalist, began the quest for the Orb.
     0 | D:1      | Reached XP level 1. HP: 14/14 MP: 3/3
   460 | D:1      | Reached XP level 2. HP: 18/20 MP: 2/4
   464 | D:1      | Learned a level 2 spell: Throw Frost
   777 | D:2      | Found a bloodstained altar of Trog.
  1114 | D:2      | Reached XP level 3. HP: 22/26 MP: 3/6
  1902 | D:3      | Reached skill level 4 in Ice Magic
  1902 | D:3      | Reached XP level 4. HP: 15/33 MP: 2/8
  1915 | D:3      | Slain by an orc wizard

Action                   |  1- 3 |  4- 6 || total
-------------------------+-------+-------++-------
Melee: Unarmed           |    35 |       ||    35
 Cast: Freeze            |    80 |     1 ||    81
  Use: Potion            |     2 |     1 ||     3
